[Event "Titled Tuesday Blitz January 10 Early 2023"]
[White "Pham, Khoi"]
[Black "Dardha, Daniel"]
[WhiteFideId "1054988"]
[BlackFideId "240990"]
[WhiteElo "2355"]
[BlackElo "2631"]
[Result "0-1"]
[Round "03"]
[TimeControl "180+2"]
[Date "2023.01.10"]
[WhiteClock "0:00:15"]
[BlackClock "0:00:11"]

1. e4 e5 2. Bc4 Nf6 3. d3 c6 4. Nf3 d5 5. Bb3 a5 6. a4 Bb4+ 7. c3 Bd6 8. exd5 cxd5 9. Bg5 Be6 10. Na3 Nc6 11. Nb5 Bb8 12. d4 e4 13. Nd2 h6 14. Bh4 Ne7 15. Bg3 Bxg3 16. hxg3 Nf5 17. Nf1 O-O 18. g4 Nxg4 19. Qxg4 Nxd4 20. Qd1 Nxb3 21. Qxb3 d4 22. Qd1 d3 23. Ne3 f5 24. Nd4 Qf6 25. g3 Rad8 26. Qh5 Bc8 27. Qh4 Qb6 28. O-O g5 29. Qh5 Kh7 30. f4 exf3 31. Rxf3 Qxb2 32. Raf1 d2 33. Nexf5 Bxf5 34. Nxf5 Qb6+ 35. Nd4 Rxf3 36. Qxf3 Qg6 37. Kh2 Re8 38. Qxb7+ Kh8 39. Qg2 Qh5+ 40. Qh3 Qxh3+ 41. Kxh3 Re1 42. Rf8+ Kh7 43. Rf7+ Kg8 44. Rd7 d1=Q 0-1


[Site "https://www.chess.com"]

[Event "Titled Tuesday Blitz January 10 Early 2023"]
[White "Danielyan, Vahe"]
[Black "Howell, David W L"]
[WhiteFideId "13304828"]
[BlackFideId "410608"]
[WhiteElo "2346"]
[BlackElo "2677"]
[Result "0-1"]
[Round "03"]
[TimeControl "180+2"]
[Date "2023.01.10"]
[WhiteClock "0:00:01"]
[BlackClock "0:00:10"]

1. Nf3 c5 2. b3 d6 3. Bb2 e5 4. d3 Nc6 5. g3 g6 6. Bg2 Bg7 7. O-O Nge7 8. Nbd2 O-O 9. e4 h6 10. Nc4 Be6 11. a4 Qd7 12. Re1 Rad8 13. Qd2 g5 14. Rad1 Ng6 15. Qc1 b6 16. Qa1 g4 17. Nfd2 Nd4 18. Qc1 d5 19. Ne3 Ne7 20. c3 Ndc6 21. exd5 Nxd5 22. Ndc4 f5 23. Nf1 Rfe8 24. Qc2 Bf7 25. Re2 h5 26. Rde1 f4 27. Be4 Re7 28. d4 f3 29. Bh7+ Kf8 30. Bf5 Qe8 31. Re4 exd4 32. Rxe7 Ncxe7 33. Be4 dxc3 34. Bc1 Qd7 35. Nfe3 Nxe3 36. Bxe3 Nd5 37. Bxd5 Qxd5 38. Qh7 Qd3 39. Bh6 Qxh7 0-1


[Site "https://www.chess.com"]

[Event "Titled Tuesday Blitz January 10 Early 2023"]
[White "Pultinevicius, Paulius"]
[Black "Florescu, Codrut-Constantin"]
[WhiteFideId "12809390"]
[BlackFideId "1202200"]
[WhiteElo "2537"]
[BlackElo "2259"]
[Result "1-0"]
[Round "03"]
[TimeControl "180+2"]
[Date "2023.01.10"]
[WhiteClock "0:01:24"]
[BlackClock "0:00:08"]

1. d4 Nf6 2. Bf4 d5 3. e3 e6 4. Nd2 c5 5. Ngf3 Nc6 6. c3 Be7 7. Bd3 Nh5 8. Be5 f6 9. Bg3 g6 10. Qe2 O-O 11. Bh4 c4 12. Bc2 b5 13. g4 Ng7 14. Bg3 Bd7 15. h4 b4 16. h5 g5 17. h6 Ne8 18. e4 bxc3 19. bxc3 Qa5 20. Qe3 Kh8 21. Kf1 Rf7 22. Kg2 Bd6 23. Bxd6 Nxd6 24. e5 Nb5 25. exf6 Qxc3 26. Qxg5 Rg8 27. Qg7+ Rgxg7 28. hxg7+ Rxg7 29. fxg7+ Kg8 30. Bxh7+ Kxg7 31. Rab1 Nd6 32. Rh3 Nxd4 33. Rb8 Be8 34. Bb1 Ne2 35. Rh7+ Kg8 36. Rd7 Nf4+ 37. Kg3 Ne2+ 38. Kh2 Qh8+ 39. Bh7+ Kf8 40. g5 Qa1 41. g6 Qf6 42. g7+ Qxg7 43. Rxg7 Kxg7 44. Bc2 1-0


[Site "https://www.chess.com"]

[Event "Titled Tuesday Blitz January 10 Early 2023"]
[White "Babazada, Khazar"]
[Black "Droin, Augustin"]
[WhiteFideId "13413554"]
[BlackFideId "45105987"]
[WhiteElo "2474"]
[BlackElo "2436"]
[Result "0-1"]
[Round "03"]
[TimeControl "180+2"]
[Date "2023.01.10"]
[WhiteClock "0:00:04"]
[BlackClock "0:00:59"]

1. Nf3 d5 2. e3 c5 3. c4 d4 4. exd4 cxd4 5. Bd3 Nc6 6. O-O Bg4 7. h3 Bh5 8. Bc2 e6 9. d3 Bd6 10. Re1 Nf6 11. Bg5 h6 12. Bxf6 Qxf6 13. Nbd2 Qe7 14. a3 a5 15. Ba4 O-O 16. Qb3 Rab8 17. Qb5 Bg6 18. Ne4 Bc7 19. c5 Kh8 20. Qc4 Ne5 21. Nxe5 Bxe5 22. b4 Qh4 23. Nd2 Bf6 24. Nf3 Qf4 25. bxa5 Qc7 26. Qb4 Ra8 27. Bb5 Rxa5 28. a4 Rd8 29. Rac1 Raa8 30. Rc4 Bxd3 31. Rcc1 Bg6 32. Rcd1 e5 33. Nd2 Be7 34. Rc1 Rac8 35. Nf3 Bxc5 36. Qb3 e4 37. Nh4 Bh7 38. Bc4 Qf4 39. g3 Qf6 40. Ng2 d3 41. Rf1 d2 42. Rcd1 Rd7 43. Nf4 Rcd8 44. Bb5 Rd6 45. Qc4 Qg5 46. h4 Qxg3+ 47. Ng2 Qe5 48. Qxf7 Rf6 49. Qxb7 Rdf8 50. Rxd2 Qg3 51. Re2 Rxf2 0-1


[Site "https://www.chess.com"]

[Event "Titled Tuesday Blitz January 10 Early 2023"]
[White "Bagwe Gaurang"]
[Black "Kozak, Adam"]
[WhiteFideId "45039895"]
[BlackFideId "753246"]
[WhiteElo "2067"]
[BlackElo "2572"]
[Result "1-0"]
[Round "03"]
[TimeControl "180+2"]
[Date "2023.01.10"]
[WhiteClock "0:00:06"]
[BlackClock "0:00:01"]

1. e4 e5 2. Nf3 Nc6 3. Bb5 Nf6 4. O-O Nxe4 5. Re1 Nd6 6. Nxe5 Be7 7. Bf1 Nxe5 8. Rxe5 O-O 9. d4 Bf6 10. Re1 Re8 11. c3 Rxe1 12. Qxe1 Ne8 13. Bf4 d5 14. Bd3 c6 15. Nd2 g6 16. Qe3 Ng7 17. Re1 Bf5 18. Bf1 Qb6 19. Nb3 Re8 20. Qd2 Qd8 21. Nc5 b6 22. Nd3 Rxe1 23. Qxe1 Ne6 24. Bg3 c5 25. dxc5 bxc5 26. h3 d4 27. cxd4 cxd4 28. Qc1 h5 29. b4 h4 30. Bh2 Kg7 31. Qc4 Ng5 32. Bc7 Qe7 33. Qc5 Qe6 34. Bf4 Ne4 35. Qc2 Nc3 36. Qd2 Qxa2 37. Nb2 Ne4 38. Qc1 Nc3 39. Bc4 Qa3 40. Nd3 Qxc1+ 41. Nxc1 g5 42. Bb8 g4 43. hxg4 Bxg4 44. Bxa7 Bf5 45. Bc5 Kg6 46. b5 Be5 47. b6 Be4 48. Nd3 Bf6 49. f3 Bb7 50. Kf2 Kf5 51. Bb3 Ba6 52. Bxf7 Bxd3 53. b7 Be5 54. Ba7 Nb5 55. b8=Q Bxb8 56. Bxb8 Na3 57. Bg8 Bc4 58. Bxc4 1-0


[Site "https://www.chess.com"]

[Event "Titled Tuesday Blitz January 10 Early 2023"]
[White "Berezin, Viktor"]
[Black "Rozman, Levy"]
[WhiteFideId "14107872"]
[BlackFideId "2039877"]
[WhiteElo "2307"]
[BlackElo "2322"]
[Result "0-1"]
[Round "03"]
[TimeControl "180+2"]
[Date "2023.01.10"]
[WhiteClock "0:00:06"]
[BlackClock "0:00:08"]

1. d4 g6 2. Nf3 Bg7 3. g3 d6 4. Bg2 Nc6 5. O-O Bd7 6. Nc3 Qc8 7. Re1 Bh3 8. Bh1 h5 9. d5 Ne5 10. Nxe5 Bxe5 11. Be3 h4 12. Bd4 hxg3 13. fxg3 Nf6 14. Bxe5 dxe5 15. Ne4 Ng4 16. Qd3 Nxh2 17. Kxh2 Bf1+ 18. Kg1 Rxh1+ 19. Kf2 Rh2+ 20. Ke3 Bg2 21. Kd2 Qf5 22. Nc5 Qg5+ 23. Qe3 Qxe3+ 24. Kxe3 Bxd5 25. Rad1 Bc6 26. Nb3 Rd8 27. Na5 Rd6 28. c4 Rg2 29. Nxc6 Rxc6 30. Kf3 Rh2 31. b3 f5 32. Rd5 Re6 33. Red1 Rd6 34. c5 e4+ 35. Ke3 Rxd5 36. Rxd5 c6 37. Rd2 g5 38. Kd4 Rh6 39. Ke5 Rf6 40. e3 a6 41. b4 Kf7 42. a4 f4 43. gxf4 gxf4 44. exf4 e3 45. Re2 Re6+ 46. Kf5 a5 47. bxa5 Rh6 48. Rxe3 Rh5+ 49. Kg4 Rxc5 50. Rb3 Rxa5 51. Rxb7 Rxa4 52. Rc7 Rc4 53. Kf5 Rc5+ 54. Ke4 Ke6 55. Rc8 Kd6 56. Rh8 Rc1 57. Rh6+ Kd7 58. Kf5 c5 59. Ke4 Rd1 60. Rh5 Rd4+ 61. Ke3 Rc4 62. Re5 e6 63. f5 exf5 64. Rxf5 Kc6 65. Kd3 Rd4+ 66. Kc3 Rd8 67. Rh5 Rd6 68. Rg5 Kb5 69. Rh5 Rg6 70. Rh3 Rg4 71. Rd3 Ra4 72. Kb3 c4+ 73. Kc3 cxd3 74. Kxd3 Rc4 0-1


[Site "https://www.chess.com"]

[Event "Titled Tuesday Blitz January 10 Early 2023"]
[White "Harsha Bharathakoti"]
[Black "Khamdamova, Afruza"]
[WhiteFideId "5078776"]
[BlackFideId "14210444"]
[WhiteElo "2602"]
[BlackElo "2162"]
[Result "1-0"]
[Round "03"]
[TimeControl "180+2"]
[Date "2023.01.10"]
[WhiteClock "0:00:07"]
[BlackClock "0:00:20"]

1. e4 e5 2. Nc3 Nf6 3. Nf3 Nc6 4. Bb5 Bc5 5. Bxc6 dxc6 6. d3 Qe7 7. h3 h6 8. Qe2 O-O 9. g4 b5 10. g5 hxg5 11. Bxg5 Re8 12. O-O-O a5 13. Rdg1 a4 14. Nh4 b4 15. Qf3 Kh8 16. Ne2 b3 17. a3 bxc2 18. Ng3 Bxa3 19. Bxf6 Bxb2+ 20. Kxc2 Qc5+ 21. Kd2 Qc3+ 22. Ke2 Qc2+ 23. Kf1 Ba6 24. Bxg7+ Kxg7 25. Ngf5+ Kf8 26. Rg8+ Kxg8 27. Qg4+ 1-0


[Site "https://www.chess.com"]

[Event "Titled Tuesday Blitz January 10 Early 2023"]
[White "Krienke, Makaio"]
[Black "Rustemov, Alexander"]
[WhiteFideId "2038854"]
[BlackFideId "4119002"]
[WhiteElo "2115"]
[BlackElo "2525"]
[Result "0-1"]
[Round "03"]
[TimeControl "180+2"]
[Date "2023.01.10"]
[WhiteClock "0:01:11"]
[BlackClock "0:01:13"]

1. e4 e6 2. d4 d5 3. Nc3 dxe4 4. Nxe4 Bd7 5. Nf3 Bc6 6. Bd3 Nd7 7. O-O Ngf6 8. Bg5 Be7 9. Bxf6 Nxf6 10. Re1 O-O 11. c3 b6 12. Ne5 Bb7 13. a4 a6 14. Qe2 Nxe4 15. Bxe4 Bxe4 16. Qxe4 Bd6 17. Nc6 Qd7 18. b4 Rae8 19. b5 axb5 20. axb5 g6 21. h4 Kg7 22. Ra7 h6 23. g3 f6 24. Kg2 Rf7 25. Re3 e5 26. dxe5 fxe5 27. h5 gxh5 28. Ra1 Ref8 29. f3 Rf5 30. Rd1 Qf7 31. Rd5 h4 32. Qxh4 Qxd5 33. Qg4+ Kh7 0-1


[Site "https://www.chess.com"]

[Event "Titled Tuesday Blitz January 10 Early 2023"]
[White "Goldin, Alexander"]
[Black "Yuan, Qingyu"]
[WhiteFideId "2019540"]
[BlackFideId "8609772"]
[WhiteElo "2542"]
[BlackElo "2373"]
[Result "1-0"]
[Round "03"]
[TimeControl "180+2"]
[Date "2023.01.10"]
[WhiteClock "0:00:13"]
[BlackClock "0:00:01"]

1. Nf3 d5 2. d4 Nf6 3. c4 e6 4. Nc3 Be7 5. Bg5 h6 6. Bxf6 Bxf6 7. e3 O-O 8. Rc1 dxc4 9. Bxc4 c5 10. dxc5 Nd7 11. b4 a5 12. a3 axb4 13. axb4 Ne5 14. Nxe5 Qxd1+ 15. Kxd1 Bxe5 16. Ke2 Ra3 17. Nb5 Ra4 18. Rb1 Bd7 19. Rhd1 Bxb5 20. Bxb5 Ra2+ 21. Rd2 Rfa8 22. Bc4 R2a3 23. Rb3 Ra1 24. Rbd3 Bf6 25. Rd7 Rb8 26. Rc2 g6 27. b5 Rb1 28. Bd3 Rb4 29. b6 Be5 30. f4 Bf6 31. Kf3 Kf8 32. Be4 Rc8 33. Bxb7 Rb8 34. Be4 Bd8 35. b7 Ke8 36. c6 Bb6 37. c7 Bxc7 38. Rcxc7 f5 39. Bc6 Rb3 40. Rh7+ Kd8 41. Rcd7+ Ke8 42. Rh8# 1-0


[Site "https://www.chess.com"]

[Event "Titled Tuesday Blitz January 10 Early 2023"]
[White "Bilych, Olexiy"]
[Black "Defend, Balint"]
[WhiteFideId "14156504"]
[BlackFideId "17004853"]
[WhiteElo "2441"]
[BlackElo "1673"]
[Result "1-0"]
[Round "03"]
[TimeControl "180+2"]
[Date "2023.01.10"]
[WhiteClock "0:00:22"]
[BlackClock "0:00:01"]

1. e4 c5 2. Nf3 d6 3. d4 cxd4 4. Nxd4 Nf6 5. Nc3 a6 6. f3 e5 7. Nb3 Be7 8. Be3 Be6 9. Qd2 O-O 10. Nd5 Bxd5 11. exd5 Nbd7 12. Be2 Rc8 13. c4 b6 14. O-O a5 15. Rac1 Ne8 16. Na1 f5 17. Nc2 f4 18. Bf2 Bh4 19. g3 Bg5 20. g4 Bh4 21. Na3 Bxf2+ 22. Rxf2 Nc5 23. Nb5 e4 24. Rff1 e3 25. Qd4 Nc7 26. Nc3 Qh4 27. Kh1 Rf6 28. Rg1 Re8 29. g5 Rf5 30. Rg4 Qh3 31. Rcg1 Ref8 32. b3 Qh5 33. Ne4 Nxe4 34. Qxe4 Re5 35. Qd4 Qg6 36. Bd3 Qe8 37. g6 h6 38. Be2 Qb8 39. Rxf4 Rxf4 40. Qxf4 Qf8 41. Qxf8+ Kxf8 42. f4 Re4 43. Rf1 Ne8 44. Kg2 Nf6 45. Kf3 Ke8 46. Re1 Re7 47. Bd3 Nd7 48. Rxe3 1-0


[Site "https://www.chess.com"]

[Event "Titled Tuesday Blitz January 10 Early 2023"]
[White "Mika, Tomasz"]
[Black "Bryakin, Mikhail"]
[WhiteFideId "1132970"]
[BlackFideId "4165314"]
[WhiteElo "2169"]
[BlackElo "2455"]
[Result "0-1"]
[Round "03"]
[TimeControl "180+2"]
[Date "2023.01.10"]
[WhiteClock "0:00:04"]
[BlackClock "0:00:11"]

1. Nf3 Nf6 2. c4 c5 3. Nc3 g6 4. g3 Bg7 5. Bg2 O-O 6. d3 Nc6 7. Be3 b6 8. h3 Bb7 9. Qd2 Re8 10. Bh6 Bh8 11. g4 Nd4 12. O-O-O Nxf3 13. Bxf3 Bxf3 14. exf3 d5 15. Kb1 e6 16. h4 dxc4 17. dxc4 Qxd2 18. Rxd2 Bg7 19. Be3 h5 20. g5 Nh7 21. Ne4 Nf8 22. Rhd1 Be5 23. f4 Bg7 24. Rd6 Rac8 25. R6d3 Rc7 26. Nd6 Ra8 27. Nb5 Rcc8 28. b3 a6 29. Nd6 Rc7 30. Kc2 Rd7 31. Ne4 Rad8 32. Rd6 Rxd6 33. Rxd6 Rxd6 34. Nxd6 Nd7 35. Kd3 Kf8 36. a4 a5 37. Ne4 Ke7 38. Nd2 Nb8 39. Nf3 Nc6 40. Bd2 Bd4 41. Ke2 Kd6 42. Be3 Bg7 43. Kd3 e5 44. Nd2 Ke6 45. Ke4 Nb4 46. Nf3 exf4 47. Bxf4 Nc6 48. Bc7 Bc3 49. Bxb6 Bb4 50. Bc7 Ne7 51. Ng1 Nf5 52. Bg3 Be1 53. Ne2 Bb4 54. Nf4+ Kd7 55. Nd5 Kc6 56. Ke5 Ba3 57. Kf6 Nd4 58. Kxf7 Nxb3 59. Kxg6 Nd2 60. Kf7 Nxc4 61. Ne7+ Kd7 62. g6 Nd6+ 63. Kf8 Bb2 64. Ng8 Nf5 65. Nh6 Nxh6 66. g7 Bxg7+ 67. Kxg7 Nf5+ 68. Kg6 Nxg3 69. fxg3 c4 70. g4 hxg4 71. h5 g3 72. h6 g2 73. h7 g1=Q+ 0-1


[Site "https://www.chess.com"]

[Event "Titled Tuesday Blitz January 10 Early 2023"]
[White "Arjun, Kalyan"]
[Black "surrenderPLS"]
[WhiteFideId "35018701"]
[WhiteElo "2516"]
[BlackElo "2533"]
[Result "1-0"]
[Round "03"]
[TimeControl "180+2"]
[Date "2023.01.10"]
[WhiteClock "0:02:01"]
[BlackClock "0:00:01"]

1. Nf3 Nf6 2. b3 g6 3. Bb2 Bg7 4. g3 O-O 5. Bg2 d6 6. O-O e5 7. c4 Nc6 8. d3 h6 9. Nbd2 Be6 10. a3 Qd7 11. b4 Bh3 12. b5 Ne7 13. a4 Bxg2 14. Kxg2 Nh5 15. Qb3 f5 16. c5+ Kh7 17. Rac1 f4 18. cxd6 cxd6 19. Ne4 fxg3 20. fxg3 Qg4 21. Nf2 Qd7 22. e4 Rac8 23. Rxc8 Rxc8 24. Rc1 Rxc1 25. Bxc1 Qc8 26. Ba3 Qd7 27. Qf7 Nf6 28. Nh4 Nfg8 29. Nxg6 Qd8 30. Nxe7 Nxe7 31. Ng4 1-0


[Site "https://www.chess.com"]

[Event "Titled Tuesday Blitz January 10 Early 2023"]
[White "Postny, Evgeny"]
[Black "Abdilkhair, Abilmansur"]
[WhiteFideId "2804344"]
[BlackFideId "13716417"]
[WhiteElo "2549"]
[BlackElo "2268"]
[Result "1-0"]
[Round "03"]
[TimeControl "180+2"]
[Date "2023.01.10"]
[WhiteClock "0:01:08"]
[BlackClock "0:01:11"]

1. e4 e5 2. Nf3 Nc6 3. Bb5 a6 4. Ba4 Nf6 5. O-O b5 6. Bb3 Be7 7. d4 exd4 8. e5 Ne4 9. Nxd4 O-O 10. Bd5 Nc5 11. Nxc6 dxc6 12. Bxc6 Qxd1 13. Rxd1 Bg4 14. f3 Rad8 15. Re1 Bf5 16. Nc3 Bxc2 17. Nd5 Bh4 18. g3 Nd3 19. Re2 Nxc1 20. Rxc2 Bg5 21. f4 Nd3 22. fxg5 Nxe5 23. Ne7+ Kh8 24. Nf5 g6 25. Ne3 Rd3 26. Re1 Nxc6 27. Rxc6 Re8 28. Ng2 Rxe1+ 29. Nxe1 Rd1 30. Kf1 Rd2 31. Rc2 Rd5 32. Rxc7 Kg7 33. h4 Rd2 34. Rc2 Rd4 35. Nf3 1-0


[Site "https://www.chess.com"]

[Event "Titled Tuesday Blitz January 10 Early 2023"]
[White "Reprintsev, Alexander"]
[Black "Tanenbaum, Zachary"]
[WhiteFideId "14100541"]
[BlackFideId "2060850"]
[WhiteElo "2253"]
[BlackElo "2261"]
[Result "0-1"]
[Round "03"]
[TimeControl "180+2"]
[Date "2023.01.10"]
[WhiteClock "0:00:03"]
[BlackClock "0:00:05"]

1. e4 e5 2. Nf3 Nc6 3. Bc4 Nf6 4. Ng5 d5 5. exd5 Na5 6. Bb5+ c6 7. dxc6 bxc6 8. Bd3 Nd5 9. h4 h6 10. Qh5 Qf6 11. Ne4 Qe6 12. Ng3 Nf4 13. Qf3 Nxd3+ 14. Qxd3 f5 15. Qe2 Be7 16. d3 O-O 17. Bd2 Nb7 18. Nc3 Nd6 19. f4 Bf6 20. O-O-O Nb5 21. fxe5 Bxe5 22. Rde1 Re8 23. Nxb5 Qxa2 24. c3 cxb5 25. d4 f4 26. dxe5 fxg3 27. Qe4 Rd8 28. Rhf1 Be6 29. Bxh6 Qa1+ 30. Qb1 Qxb1+ 31. Kxb1 gxh6 32. Rf3 Kh7 33. Rxg3 Bb3 34. e6 Rd2 35. Rf3 Rad8 36. Rf7+ Kg6 37. Rff1 Bc4 38. e7 Bd3+ 39. Ka2 Re8 40. Rf3 Bc4+ 41. Ka3 Bd5 42. Kb4 Bxf3 43. gxf3 Kf7 44. Rg1 Rxe7 45. Rg4 Rxb2+ 46. Kc5 Rf2 47. Rf4+ Ke8 48. Kxb5 Rf7 49. Re4+ Kf8 50. Re6 R2xf3 51. Rxh6 R3f5+ 52. Kb4 Kg7 53. Ra6 Rf4+ 54. c4 Rxh4 55. Rc6 Rb7+ 56. Kc5 Rh3 57. Kd6 Rh5 58. c5 Rh6+ 59. Kd5 Rxc6 60. Kxc6 Rb1 0-1


[Site "https://www.chess.com"]

[Event "Titled Tuesday Blitz January 10 Early 2023"]
[White "Tomaszewski, Kacper"]
[Black "Santos Ruiz, Miguel"]
[WhiteFideId "1127373"]
[BlackFideId "22291482"]
[WhiteElo "2313"]
[BlackElo "2590"]
[Result "1-0"]
[Round "03"]
[TimeControl "180+2"]
[Date "2023.01.10"]
[WhiteClock "0:00:58"]
[BlackClock "0:00:03"]

1. d4 d5 2. c4 e6 3. Nc3 Nf6 4. Bf4 Bb4 5. Qa4+ Nc6 6. a3 Bxc3+ 7. bxc3 Bd7 8. cxd5 exd5 9. e3 Nh5 10. Bg3 Nxg3 11. hxg3 b6 12. Nf3 Na5 13. Qb4 Qe7 14. Ne5 c5 15. Qb2 Rc8 16. Bb5 Bxb5 17. Qxb5+ Kf8 18. Nd7+ Kg8 19. dxc5 Nc6 20. Nxb6 axb6 21. cxb6 Qb7 22. a4 Nb8 23. O-O h5 24. Rfd1 Rh6 25. a5 Na6 26. Qxd5 Qxd5 27. Rxd5 Rxc3 28. Rd8+ Kh7 29. Ra8 Nc5 30. Rc8 Rd6 31. b7 Rb3 32. b8=Q Rxb8 33. Rxb8 Ne4 34. a6 Rd2 35. a7 1-0


[Site "https://www.chess.com"]

[Event "Titled Tuesday Blitz January 10 Early 2023"]
[White "Nguyen Hong Nhung"]
[Black "Nigmatov, Ortik"]
[WhiteFideId "12412201"]
[BlackFideId "14202131"]
[WhiteElo "2003"]
[BlackElo "2438"]
[Result "0-1"]
[Round "03"]
[TimeControl "180+2"]
[Date "2023.01.10"]
[WhiteClock "0:00:08"]
[BlackClock "0:01:36"]

1. e4 c5 2. Nc3 d6 3. f4 Nc6 4. Nf3 g6 5. Bc4 Bg7 6. O-O e6 7. d3 Nge7 8. Qe1 O-O 9. f5 gxf5 10. Qh4 Ng6 11. Qh5 f4 12. Ng5 h6 13. Nxe6 fxe6 14. Qxg6 Ne5 15. Qh5 Nxc4 16. dxc4 Qg5 17. Qd1 Be5 18. Rf3 Bd7 19. Rg3 fxg3 20. Bxg5 gxh2+ 21. Kh1 hxg5 22. Qg4 Rf7 23. Qxg5+ Rg7 24. Qd2 Rf8 25. Re1 Be8 26. Qh6 Rg6 27. Qh3 Rf2 28. Ne2 Bc6 29. Nc1 Bxe4 30. Nd3 Bxg2+ 31. Qxg2 Rfxg2 32. Nxe5 dxe5 0-1


[Site "https://www.chess.com"]

[Event "Titled Tuesday Blitz January 10 Early 2023"]
[White "Borges Feria, Yasel"]
[Black "Mortazavi, Ali"]
[WhiteFideId "3504921"]
[BlackFideId "401323"]
[WhiteElo "2439"]
[BlackElo "2333"]
[Result "1-0"]
[Round "03"]
[TimeControl "180+2"]
[Date "2023.01.10"]
[WhiteClock "0:00:10"]
[BlackClock "0:00:02"]

1. e4 c6 2. Nc3 d5 3. Nf3 dxe4 4. Nxe4 Nf6 5. Nxf6+ exf6 6. d4 Bd6 7. c3 O-O 8. Be2 Bg4 9. O-O Re8 10. Re1 Nd7 11. Be3 Nf8 12. Nd2 Be6 13. Bc4 Bf5 14. Nf1 Bg6 15. Qd2 Ne6 16. Bxe6 fxe6 17. Bf4 Bf8 18. Rad1 Qb6 19. Qc1 Rad8 20. Bg3 c5 21. dxc5 Bxc5 22. b4 Bf8 23. a3 e5 24. c4 a5 25. c5 Qc6 26. f3 axb4 27. axb4 h6 28. Bf2 e4 29. Rxd8 Rxd8 30. Qc4+ Kh7 31. fxe4 b5 32. Qc2 h5 33. Ng3 h4 34. Nf1 Re8 35. Bxh4 Bxe4 36. Qd2 f5 37. Bg5 g6 38. Ng3 Bg7 39. Nxe4 fxe4 40. Be3 Be5 41. Rf1 Kg7 42. Qf2 Qe6 43. Bd4 Bxd4 44. Qxd4+ Kg8 45. Rf6 Qg4 46. Qd5+ Kh8 47. h3 Qg3 48. Qf7 Rd8 49. Rf1 Rd2 50. Qf6+ Kh7 51. Qf7+ Kh6 52. Qf4+ Qxf4 53. Rxf4 e3 54. Re4 Rd1+ 55. Kh2 Rd3 56. Kg3 Kg5 57. Kf3 Rb3 58. Re5+ Kf6 59. Re4 Kf5 60. g4+ Kg5 61. Kg3 e2+ 62. Kf2 Rxh3 63. Kxe2 Rb3 64. Kd2 Ra3 65. c6 Ra8 66. c7 Kh4 67. Re5 Rc8 68. Rc5 Kxg4 69. Ke3 g5 70. Kd4 Kf3 71. Kd5 g4 72. Kd6 g3 73. Kd7 1-0


[Site "https://www.chess.com"]

[Event "Titled Tuesday Blitz January 10 Early 2023"]
[White "Ibadov, Dashgyn"]
[Black "Bykhovsky, Anatoly"]
[WhiteFideId "24107514"]
[BlackFideId "2806991"]
[WhiteElo "2391"]
[BlackElo "2496"]
[Result "1-0"]
[Round "03"]
[TimeControl "180+2"]
[Date "2023.01.10"]
[WhiteClock "0:00:07"]
[BlackClock "0:00:52"]

1. e4 e6 2. d4 d5 3. Nc3 Bb4 4. e5 c5 5. a3 Bxc3+ 6. bxc3 Ne7 7. h4 Qa5 8. Bd2 Qa4 9. h5 b6 10. Qg4 Kf8 11. h6 g6 12. Nf3 Qxc2 13. Be2 Ba6 14. Rc1 Qf5 15. Qxf5 Nxf5 16. c4 dxc4 17. dxc5 bxc5 18. g4 Ne7 19. Be3 Nd7 20. Bxc4 Bb7 21. Ke2 Nc6 22. Rhd1 Ncxe5 23. Nxe5 Nxe5 24. Bxc5+ Kg8 25. Bd4 Nxc4 26. Bxh8 Kxh8 27. Rd7 Bd5 28. Rxf7 Ne5 29. Rfc7 Rf8 30. Rxa7 Nxg4 31. Rcc7 Nf6 32. Rf7 Rxf7 33. Rxf7 Ng8 34. Rf8 g5 35. a4 g4 36. a5 e5 37. a6 e4 38. a7 e3 39. Kxe3 g3 40. fxg3 Bg2 41. Kd4 Bh1 42. Ke5 Bg2 43. Ke6 Bh1 44. Kd7 Bg2 45. g4 Bh1 46. g5 Bg2 47. Ke6 Bh1 48. g6 hxg6 49. Kf7 Kh7 50. Rxg8 Bd5+ 51. Kf8 Kxh6 52. Ke7 g5 53. a8=Q Bxa8 54. Rxa8 g4 55. Ra5 g3 56. Kf6 g2 57. Ra1 Kh5 58. Rg1 Kh4 59. Rxg2 Kh3 60. Rg5 1-0


[Site "https://www.chess.com"]

[Event "Titled Tuesday Blitz January 10 Early 2023"]
[White "Cherniaiev, Tykhon"]
[Black "Gaitan, Juan Manuel"]
[WhiteFideId "14182360"]
[BlackFideId "121657"]
[WhiteElo "2330"]
[BlackElo "2328"]
[Result "1-0"]
[Round "03"]
[TimeControl "180+2"]
[Date "2023.01.10"]
[WhiteClock "0:00:26"]
[BlackClock "0:00:25"]

1. e4 e5 2. Nf3 Nf6 3. d4 Nxe4 4. dxe5 d5 5. exd6 Bxd6 6. Bd3 Nc5 7. Qe2+ Qe7 8. Qxe7+ Bxe7 9. Be2 Bf5 10. Nd4 Be4 11. Nc3 Bxg2 12. Rg1 Bc6 13. Bf4 Bf6 14. Nxc6 Bxc3+ 15. bxc3 Nxc6 16. Bxc7 Ne6 17. Bd6 O-O-O 18. O-O-O h5 19. Bc4 Rhe8 20. f4 g6 21. Rgf1 Ne7 22. Be5 Nf5 23. Rde1 a6 24. Bf6 Rd6 25. Be5 Rd7 26. Bd3 Neg7 27. Re4 Rde7 28. Rc4+ Kd8 29. Bf6 Kd7 30. Rd1 Ne3 31. Bf5# 1-0


[Site "https://www.chess.com"]

[Event "Titled Tuesday Blitz January 10 Early 2023"]
[White "Kuznetsova, Olga"]
[Black "Subelj, Jan"]
[WhiteFideId "4191323"]
[BlackFideId "14618583"]
[WhiteElo "2142"]
[BlackElo "2513"]
[Result "1-0"]
[Round "03"]
[TimeControl "180+2"]
[Date "2023.01.10"]
[WhiteClock "0:00:41"]
[BlackClock "0:00:18"]

1. d4 Nf6 2. Nd2 c5 3. dxc5 Na6 4. Nb3 Nxc5 5. Nxc5 Qa5+ 6. c3 Qxc5 7. Be3 Qc7 8. h3 g6 9. g4 Bg7 10. Bg2 d6 11. Nf3 O-O 12. Qd3 b6 13. Nd4 Bb7 14. O-O Bxg2 15. Kxg2 e5 16. Nc2 h5 17. f3 Rad8 18. Rad1 d5 19. Bg5 hxg4 20. hxg4 e4 21. Qd2 exf3+ 22. exf3 Qc4 23. Nd4 Rde8 24. Rde1 Qxa2 25. Ra1 Qc4 26. Rxa7 Ra8 27. Rfa1 Rxa7 28. Rxa7 Nh7 29. Bh6 Bxh6 30. Qxh6 Qc8 31. Ra1 Re8 32. Rh1 1-0


[Site "https://www.chess.com"]

[Event "Titled Tuesday Blitz January 10 Early 2023"]
[White "Domingo Nunez, Ruben"]
[Black "Shuvalov, Evgenij"]
[WhiteFideId "22245570"]
[BlackFideId "4187237"]
[WhiteElo "2416"]
[BlackElo "2038"]
[Result "1-0"]
[Round "03"]
[TimeControl "180+2"]
[Date "2023.01.10"]
[WhiteClock "0:00:15"]
[BlackClock "0:00:07"]

1. e4 e6 2. Nf3 d5 3. Nc3 Nf6 4. e5 Nfd7 5. d4 c5 6. dxc5 Nc6 7. Bf4 Bxc5 8. Bd3 f6 9. exf6 Nxf6 10. Qe2 O-O 11. O-O-O Bd7 12. Bg3 Qa5 13. Ne5 Nd4 14. Qe1 Be8 15. Kb1 Bb4 16. Bxh7+ Kxh7 17. Rxd4 Ne4 18. Rxe4 dxe4 19. Qxe4+ Kg8 20. Ne2 Qb5 21. Nd4 Qd5 22. Qg4 Rf6 23. Ndf3 Rd8 24. a3 Bd6 25. Nd3 Bg6 26. Rd1 Bxg3 27. hxg3 Qh5 28. Qb4 Bxd3 29. Ka1 Rxf3 30. gxf3 Qxf3 31. Qd2 Rd5 32. cxd3 e5 33. Qc2 e4 34. Qb3 exd3 35. Ka2 a5 36. a4 b5 37. axb5 a4 38. Qxa4 d2 39. Qb3 Qxb3+ 40. Kxb3 Rxb5+ 41. Kc2 Kf7 42. Rxd2 Rb7 43. Rd4 Ke6 44. Rf4 Ke5 45. b4 g5 46. Rc4 Kd5 47. Kc3 Ke5 48. Rc5+ Kf6 49. f4 Re7 50. Rxg5 Re3+ 51. Kc4 Re1 52. b5 Rc1+ 53. Kd5 Rb1 54. Kc6 Rc1+ 55. Kb7 Rb1 56. b6 Ke6 57. Rc5 Kd6 58. Rc3 Ke6 59. Kc7 1-0


[Site "https://www.chess.com"]

[Event "Titled Tuesday Blitz January 10 Early 2023"]
[White "Hambleton, Aman"]
[Black "Najdin, Danil"]
[WhiteFideId "2606577"]
[BlackFideId "4172426"]
[WhiteElo "2420"]
[BlackElo "2235"]
[Result "0-1"]
[Round "03"]
[TimeControl "180+2"]
[Date "2023.01.10"]
[WhiteClock "0:00:02"]
[BlackClock "0:00:09"]

1. d4 Nf6 2. c4 g6 3. Nc3 Bg7 4. e4 d6 5. f3 O-O 6. Be3 Nc6 7. Nge2 a6 8. Qd2 Rb8 9. Rc1 Bd7 10. Nd1 b5 11. c5 d5 12. e5 Ne8 13. Nf2 f6 14. f4 Bh6 15. Ng3 Ng7 16. Bd3 Ne6 17. Ne2 fxe5 18. fxe5 Bxe3 19. Qxe3 Ng7 20. O-O Bf5 21. g4 Bxd3 22. Nxd3 Qd7 23. h3 Ne6 24. Kg2 Rxf1 25. Rxf1 Rf8 26. Rxf8+ Kxf8 27. Ndf4 Nxf4+ 28. Nxf4 e6 29. Qf2 Kg7 30. Ne2 Qf7 31. Qe3 h6 32. b3 g5 33. Ng3 Qg6 34. Nh5+ Kf7 35. Qf2+ Ke7 36. h4 Qe4+ 37. Kh3 Nxd4 38. Qf6+ Kd7 39. Qf7+ Kc6 40. Qe8+ Kb7 41. c6+ Kb6 42. Qb8+ Kxc6 43. Qa8+ Kb6 44. Qb8+ Kc6 45. Qa8+ Kc5 46. Qa7+ Kb4 47. Qxc7 Qf3+ 48. Ng3 Ne2 49. Qd6+ Kc3 50. Qc5+ Kb2 0-1


[Site "https://www.chess.com"]